 Dungeon Crawl Stone Soup version 0.20-a0-850-ge5a7832 (webtiles) character file.

25 M4edhros the Sneak (level 3, 0/23 HPs)
             Began as an Octopode Artificer on Mar 10, 2017.
             Slain by a jackal (1 damage)
             ... on level 2 of the Dungeon.
             The game lasted 00:00:44 (403 turns).

M4edhros the Sneak (Octopode Artificer)              Turns: 403, Time: 00:00:44

Health: 0/23       AC:  3    Str: 11    XL:     3   Next: 6%
Magic:  5/5        EV: 13    Int: 13    God:
Gold:   44         SH:  0    Dex: 10    Spells: 2/2 levels left

rFire    . . .     SeeInvis .   a - +0 short sword
rCold    . . .     Gourm    .   (no shield)
rNeg     . . .     Faith    .   (helmet restricted)
rPois    .         Spirit   .   (no amulet)
rElec    .         Reflect  .   h - -3 ring of dexterity (curse)
rCorr    .         Harm     .   (no ring)
MR       .....     Clarity  +   (no ring)
Stlth    +++.......             (no ring)
Regen    0.1/turn               (no ring)
MPRegen  0.1/turn               (no ring)
                                (no ring)
                                (no ring)

@: no status effects
A: almost no armour, stealthy swim, amphibious, 8 rings, constrict 8, molten
scales 1, camouflage 1, clarity, wild magic 1, gelatinous body 1
a: no special abilities


You were on level 2 of the Dungeon.
You were not hungry.

You visited 1 branch of the dungeon, and saw 2 of its levels.

You collected 44 gold pieces.

Inventory:

Hand Weapons
 a - a +0 short sword (weapon)
 i - a +0 hunting sling
Jewellery
 h - a cursed -3 ring of dexterity (left tentacle)
Wands
 b - a wand of flame (15/48)
 c - a wand of enslavement (13/24)
 d - a wand of random effects (15/48)
Scrolls
 j - a scroll of blinking {unknown}
 k - 2 scrolls of identify {unknown}
 l - 2 scrolls of magic mapping {unknown}
 m - a scroll of amnesia {unknown}
Comestibles
 f - 2 bread rations
 g - a meat ration


   Skills:
 - Level 1.0 Fighting
 - Level 1.0 Short Blades
 - Level 2.0 Dodging
 + Level 4.2 Stealth
 - Level 3.2 Evocations


You had 2 spell levels left.
You didn't know any spells.

Dungeon Overview and Level Annotations

Branches:
Dungeon (2/15)

Altars:


Innate Abilities, Weirdness & Mutations

You cannot wear most types of armour.
You are very stealthy in the water. (Stealth+)
You are amphibious.
You can wear up to eight rings at the same time.
You can use your tentacles to constrict eight enemies at once.
Your skin changes colour to match your surroundings (Stealth+).
Your rubbery body absorbs attacks. (AC +1, EV +1)
You are partially covered in molten scales. (AC +2)
You possess an exceptional clarity of mind.
Your spells are a little harder to cast, but a little more powerful.


Message History

The hobgoblin struggles to resist.
This wand has 14 charges left.
The hobgoblin hits you with a club.
* * * LOW HITPOINT WARNING * * *
Evoke which item? (* to show all) (? for menu, Esc to quit)
Aiming: Enslavement
Press: ? - help, Shift-Dir - straight line, f/p - hobgoblin
Aim: a hobgoblin, wielding a club (chance to defeat MR: 72%)
The hobgoblin is charmed.
This wand has 13 charges left.
Your hobgoblin hits the jackal with a club.
The jackal closely misses your hobgoblin.
It was a potion of mutation.
You feel extremely strange.
Molten scales grow over part of your body.
You feel less in control of your magic.
Your thoughts seem clearer.
The jackal bites you.
* * * LOW HITPOINT WARNING * * *
Something misses your hobgoblin.
Your hobgoblin hits the jackal with a club.
The jackal dies!
The jackal bites you.
You die...

..........####....
.......$.!.......
.......#h#...######
g.................
#.##....###.....#.
#.#.####.......##....##
#......†.......####....
#..###.#.#....gh.......
## #[.###....#@..<....
#...###.#[#....#......##
#..............###..####
#...#.#.###....#
#....### #.
###..#..#.#### #......
#.#.#.###.#....##.......
#.........####.........#
###.#.##..............$.
#...###......))###


You could see a jackal and a friendly hobgoblin (unaware).

Vanquished Creatures
  An adder (D:2)
  A worm (D:2)
  A dart slug (D:1)
  3 bats
  A hobgoblin (D:2)
  A ball python (D:1)
  2 frilled lizards
  2 goblins
12 creatures vanquished.

Vanquished Creatures (collateral kills)
  A jackal (D:2)
1 creature vanquished.

Grand Total: 13 creatures vanquished

Notes
Turn   | Place    | Note
-------+----------+-------------------------------------------
     0 | D:1      | M4edhros the Octopode Artificer began the quest for the Orb.
     0 | D:1      | Reached XP level 1. HP: 13/13 MP: 3/3
   119 | D:1      | Reached skill level 2 in Stealth
   154 | D:2      | Reached skill level 3 in Stealth
   154 | D:2      | Reached XP level 2. HP: 14/18 MP: 4/4
   362 | D:2      | Reached skill level 4 in Stealth
   393 | D:2      | Reached XP level 3. HP: 10/23 MP: 5/5
   403 | D:2      | Gained mutation: You are partially covered in molten scales. (AC +2) [potion of mutation]
   403 | D:2      | Gained mutation: Your spells are a little harder to cast, but a little more powerful. [potion of mutation]
   403 | D:2      | Gained mutation: You possess an exceptional clarity of mind. [potion of mutation]
   403 | D:2      | HP: 1/23 [jackal (2)]
   403 | D:2      | Slain by a jackal

Vault maps used:
D:1:      evilmike_arrival_hilbert_curve
D:2:      first_bread, serial_glass, glass_columns_a, glass_columns_c,
          minmay_heptomino_h4

Skill      XL: |  1  2 |
---------------+-------+-----
Stealth        | 3 4 |  4.2
Fighting       | |  1.0
Short Blades   | |  1.0
Dodging        | |  2.0
Evocations     | |  3.2

Action                   || total
-------------------------++-------
Melee: Short sword       ||    32
       Constrict         ||     4
       Tentacles         ||     3
Evoke: Wand              ||     2
  Use: Potion            ||     1
 Stab: Sleeping          ||     1
Armor: Skin              ||     5
Dodge: Dodged            ||    25
